AoeStats
← Mark

Oasis

507933183Analyzed
4v4 RM · 13d ago on Sep 20, 2026· 49m 2s· 8 players
Game mode
Random Map
Map size
Large (8 player)
Population
200
Speed
Normal
Resources
Standard
Victory
Conquest
Starting age
Dark Age
Ending age
Imperial Age
RankedLock teamsTeams togetherTeam positionsShared explorationLock speedFull tech treeHidden civsTurbo modeCheats
Victory
Defeat
🇳🇱 Bengalis · Netherlands
1129
+11
🇮🇳 Georgians · India
1097
+13
🇮🇩 Britons · Indonesia
1071
+14
🇭🇰 Persians · Hong Kong SAR China
1047
+15
🇵🇪 Berbers · Peru
1116
-17
🇨🇳 Chinese · China
1057
-15
🇨🇳 Maya · China
971
-11
🇨🇳 Franks · China
954
-10
Mark
10:45 Feudal Age
14:35 Castle Age
12:28 Double-Bit Axe
13:32 Horse Collar
20:08 Loom
22:33 Wheelbarrow
22:18 Bow Saw
24:10 Hand Cart
25:54 Ballistics
26:09 Heavy Plow
26:06 Gold Mining
26:30 Fletching
26:29 Treadmill Crane
30:57 Imperial Age
28:38 Padded Archer Armor
28:40 Bodkin Arrow
28:47 Stone Mining
29:34 Gold Shaft Mining
30:23 Paiks
30:54 Bloodlines
30:45 Husbandry
31:16 Elite Elephant Archer
32:17 Leather Archer Armor
34:04 Chemistry
33:10 Siege Engineers
34:33 Conscription
35:43 Bracer
36:15 Ring Archer Armor
35:57 Masonry
35:43 Murder Holes
38:11 Forging
38:07 Scale Barding Armor
38:54 Caravan
39:30 Coinage
39:10 Guilds
40:44 Crop Rotation
41:16 Two-Man Saw
41:03 Iron Casting
40:49 Chain Barding Armor
41:28 Mahayana
41:46 Banking
42:12 Squires
41:58 Arson
41:33 Pikeman
44:15 Blast Furnace
43:51 Plate Barding Armor
44:50 Town Watch
45:09 Devotion
mAjiCode
6:44 Loom
9:15 Feudal Age
11:31 Double-Bit Axe
12:31 Fletching
17:36 Wheelbarrow
17:45 Gold Mining
18:10 Padded Archer Armor
22:13 Castle Age
22:16 Scale Mail Armor
23:26 Hand Cart
23:25 Bow Saw
22:43 Crossbowman
23:21 Bodkin Arrow
24:11 Pikeman
25:23 Chain Mail Armor
27:53 Squires
28:23 Stone Mining
32:09 Forging
39:31 Imperial Age
38:05 Iron Casting
40:14 Halberdier
Sythe
5:19 Loom
10:49 Feudal Age
15:20 Castle Age
15:44 Forging
15:39 Scale Barding Armor
16:06 Bloodlines
22:10 Iron Casting
25:03 Husbandry
35:34 Chain Barding Armor
36:41 Double-Bit Axe
36:39 Horse Collar
38:15 Wheelbarrow
49:47 Imperial Age
自古多情空餘恨
5:02 Loom
15:41 Feudal Age
16:57 Horse Collar
18:05 Scale Barding Armor
23:42 Double-Bit Axe
29:59 Castle Age
28:04 Stone Mining
28:06 Gold Mining
32:08 Stone Shaft Mining
31:44 Bow Saw
31:37 Heavy Plow
32:36 Elite Skirmisher
37:56 Imperial Age
36:05 Wheelbarrow
35:59 Forging
38:39 Kamandaran
38:03 Crossbowman
38:49 Thumb Ring
38:53 Padded Archer Armor
41:14 Two-Man Saw
40:59 Leather Archer Armor
40:36 Fletching
41:27 Crop Rotation
42:24 Hand Cart
43:08 Ring Archer Armor
44:07 Bodkin Arrow
44:33 Chain Barding Armor
44:49 Iron Casting
44:58 Ballistics
45:39 Chemistry
44:44 Town Watch
45:17 Caravan
45:47 Coinage
45:28 Guilds
45:48 Coinage
45:28 Guilds
46:00 Scale Mail Armor
46:36 Plate Barding Armor
46:05 Husbandry
46:15 Bloodlines
46:49 Conscription
45:51 Elite War Elephant
46:38 Pikeman
47:18 Squires
47:04 Arson
Strong
11:29 Feudal Age
13:26 Double-Bit Axe
14:34 Gold Mining
15:07 Loom
18:19 Castle Age
17:25 Bloodlines
17:22 Horse Collar
19:23 Husbandry
19:37 Forging
20:20 Scale Barding Armor
23:56 Chain Barding Armor
27:49 Iron Casting
Steins;Gate
0:40 Loom
11:15 Feudal Age
13:09 Double-Bit Axe
17:18 Wheelbarrow
17:23 Padded Archer Armor
17:25 Scale Mail Armor
18:45 Forging
18:24 Horse Collar
29:08 Castle Age
29:16 Eagle Warrior
29:57 Squires
31:48 Iron Casting
31:46 Gold Mining
32:47 Chain Mail Armor
36:13 Stone Mining
38:26 Pikeman
41:15 Arson
44:32 Hand Cart
49:42 Imperial Age
48:19 Hul'che Javelineers
47:42 Elite Skirmisher
48:30 Thumb Ring
工程制图池大为
0:27 Loom
11:30 Feudal Age
26:46 Castle Age
25:01 Fletching
25:12 Scale Mail Armor
25:21 Double-Bit Axe
25:19 Horse Collar
26:45 Gold Mining
27:00 Padded Archer Armor
27:42 Thumb Ring
27:04 Crossbowman
27:42 Bodkin Arrow
28:42 Leather Archer Armor
33:51 Elite Skirmisher
36:20 Forging
38:37 Wheelbarrow
40:09 Bow Saw
46:05 Husbandry
黄金分割吃饭
12:18 Feudal Age
13:09 Double-Bit Axe
20:41 Castle Age
20:12 Gold Mining
20:16 Stone Mining
25:08 Husbandry
27:26 Bow Saw
27:55 Gold Shaft Mining
33:43 Imperial Age
31:21 Scale Barding Armor
31:30 Forging
33:44 Chain Barding Armor
34:00 Iron Casting
32:52 Light Cavalry
35:42 Wheelbarrow
37:10 Plate Barding Armor
36:02 Cavalier
45:32 Town Watch
47:00 Loom
48:35 Scale Mail Armor
Connection lost

Rejoining the realm…

Still unreachable

The connection could not be restored.

Session expired

The server has moved on; the page needs a fresh start.